3112 views
Uploaded 2020-07-13 17:19:10
Game version 1.32.6 / 1.32.7
18:32 long 3on3 ladder game on (6)Guardians
Saved by koz
3112 views
Uploaded 2020-07-13 17:19:10
Game version 1.32.6 / 1.32.7
18:32 long 3on3 ladder game on (6)Guardians


117 units @ 15k
/ 1.6k
49 buildings @ 7.7k
/ 3k


| Ankh of Reincarnation | 1 | 450 |
| total: | 1 | 450g |
| Wisp | 16 | 960 | / | 0 |
| Huntress | 19 | 3705 | / | 380 |
| total: | 35 | 4665g | / | 380w |
| Altar of Elders | 1 | 180 | / | 50 |
| Moon Well | 7 | 1260 | / | 280 |
| Hunter's Hall | 1 | 210 | / | 100 |
| Ancient of War | 3 | 450 | / | 180 |
| Tree of Life | 3 | 1020 | / | 555 |
| Ancient of Wonders | 1 | 90 | / | 30 |
| Tree of Ages | 1 | 320 | / | 180 |
| total: | 16 | 3210g | / | 1195w |
| 0:24 | Wisp |
| 0:24 | Wisp |
| 0:25 | Wisp |
| 0:34 | Altar of Elders |
| 0:39 | Moon Well |
| 0:55 | Wisp |
| 1:02 | Wisp |
| 1:02 | Wisp |
| 1:24 | Wisp |
| 1:24 | Wisp |
| 1:24 | Wisp |
| 2:05 | Hunter's Hall |
| 2:08 | Ancient of War |
| 2:19 | Moon Well |
| 2:23 | Wisp |
| 2:23 | Wisp |
| 2:36 | Ancient of War |
| 2:41 | Searing Arrows |
| 2:50 | Wisp |
| 2:50 | Wisp |
| 3:26 | Huntress |
| 3:31 | Ultravision |
| 3:34 | Moon Well |
| 3:37 | Huntress |
| 3:42 | Wisp |
| 3:55 | Huntress |
| 4:00 | Moon Well |
| 4:11 | Huntress |
| 4:42 | Tree of Ages |
| 5:05 | Huntress |
| 5:11 | Trueshot Aura |
| 5:14 | Strength of the Moon |
| 5:28 | Huntress |
| 5:52 | Huntress |
| 6:12 | Moon Well |
| 6:35 | Moon Armor |
| 6:44 | Searing Arrows |
| 6:49 | Tree of Life |
| 7:05 | Ancient of Wonders |
| 7:12 | Improved Strength of the Moon |
| 7:14 | Moon Glaive |
| 7:25 | Huntress |
| 7:53 | Huntress |
| 8:17 | Moon Well |
| 8:48 | Frost Arrows |
| 9:02 | Advanced Strength of the Moon |
| 9:08 | Wisp |
| 9:22 | Sentinel |
| 9:57 | Trueshot Aura |
| 10:18 | Tree of Life |
| 11:01 | Huntress |
| 11:23 | Huntress |
| 11:37 | Forked Lightning |
| 11:46 | Huntress |
| 12:33 | Tree of Life |
| 12:39 | Huntress |
| 13:02 | Huntress |
| 13:21 | Huntress |
| 13:28 | Moon Well |
| 13:39 | Huntress |
| 14:01 | Huntress |
| 14:18 | Huntress |
| 15:20 | Huntress |
| 16:10 | Wisp |
| 16:26 | Ancient of War |
| 17:11 | Ankh of Reincarnation |
| Right click | 1124 |
| Select | 448 |
| Select group | 330 |
| Assign group | 197 |
| Build/train/purchase | 112 |
| Misc. action | 99 |
| Use ability | 18 |
| Esc | 10 |
| Minimap ping | 6 |
| Resource trade | 5 |
| Item give/drop | 1 |
| Remove unit | 1 |


x1)
| Lesser Clarity Potion | 7 | 490 |
| Scroll of Regeneration | 7 | 700 |
| Potion of Healing | 5 | 750 |
| Potion of Mana | 5 | 1000 |
| Staff of Sanctuary | 1 | 250 |
| Scroll of Town Portal | 3 | 1050 |
| Scroll of Healing | 1 | 250 |
| Scroll of Protection | 1 | 150 |
| Tome of Retraining | 1 | 300 |
| Healing Wards | 1 | 450 |
| Ankh of Reincarnation | 1 | 450 |
| Runed Bracers | 1 | 400 |
| total: | 34 | 6240g |
| Peasant | 17 | 1275 | / | 0 |
| Footman | 8 | 1080 | / | 0 |
| Mortar Team | 9 | 1620 | / | 630 |
| Spell Breaker | 7 | 1505 | / | 210 |
| total: | 41 | 5480g | / | 840w |
| Scout Tower | 3 | 90 | / | 60 |
| Altar of Kings | 1 | 180 | / | 50 |
| Farm | 8 | 640 | / | 160 |
| Barracks | 1 | 160 | / | 60 |
| Lumber Mill | 2 | 240 | / | 0 |
| Town Hall | 1 | 385 | / | 205 |
| Arcane Vault | 1 | 130 | / | 30 |
| Blacksmith | 2 | 280 | / | 120 |
| Workshop | 1 | 140 | / | 140 |
| Arcane Sanctum | 2 | 300 | / | 280 |
| Keep | 1 | 320 | / | 210 |
| Castle | 1 | 360 | / | 210 |
| total: | 22 | 2545g | / | 1105w |
| 0:06 | Peasant |
| 0:06 | Peasant |
| 0:20 | Altar of Kings |
| 0:23 | Farm |
| 0:26 | Barracks |
| 0:29 | Peasant |
| 0:50 | Peasant |
| 1:01 | Lumber Mill |
| 1:18 | Farm |
| 1:28 | Footman |
| 1:30 | Peasant |
| 1:41 | Peasant |
| 1:54 | Footman |
| 2:00 | Farm |
| 2:08 | Peasant |
| 2:18 | Footman |
| 2:22 | Summon Water Elemental |
| 2:29 | Peasant |
| 2:29 | Peasant |
| 3:09 | Peasant |
| 3:25 | Town Hall |
| 3:26 | Scout Tower |
| 3:27 | Scout Tower |
| 3:28 | Scout Tower |
| 3:32 | Brilliance Aura |
| 3:46 | Arcane Vault |
| 3:48 | Peasant |
| 3:49 | Peasant |
| 4:05 | Footman |
| 4:46 | Defend |
| 5:12 | Keep |
| 5:34 | Footman |
| 5:44 | Summon Water Elemental |
| 5:51 | Footman |
| 5:54 | Blacksmith |
| 5:57 | Blacksmith |
| 6:01 | Farm |
| 6:02 | Farm |
| 6:21 | Lumber Mill |
| 6:48 | Footman |
| 6:48 | Footman |
| 6:50 | Lesser Clarity Potion |
| 6:53 | Scroll of Regeneration |
| 6:55 | Scroll of Regeneration |
| 6:55 | Lesser Clarity Potion |
| 7:03 | Improved Masonry |
| 7:07 | Peasant |
| 7:07 | Peasant |
| 7:07 | Peasant |
| 7:07 | Peasant |
| 7:08 | Peasant |
| 7:17 | Iron Plating |
| 7:17 | Iron Forged Swords |
| 7:54 | Improved Lumber Harvesting |
| 7:57 | Workshop |
| 8:00 | Arcane Sanctum |
| 8:14 | Brilliance Aura |
| 8:31 | Scroll of Town Portal |
| 8:31 | Scroll of Healing |
| 8:32 | Scroll of Protection |
| 8:46 | Arcane Sanctum |
| 9:00 | Farm |
| 9:00 | Farm |
| 9:16 | Scroll of Regeneration |
| 9:16 | Lesser Clarity Potion |
| 9:16 | Potion of Healing |
| 9:17 | Potion of Healing |
| 9:17 | Lesser Clarity Potion |
| 9:18 | Potion of Mana |
| 9:29 | Mortar Team |
| 9:32 | Black Gunpowder |
| 9:50 | Flame Strike |
| 9:59 | Healing Wards |
| 10:00 | Ankh of Reincarnation |
| 10:12 | Runed Bracers |
| 10:17 | Mortar Team |
| 10:20 | Castle |
| 10:23 | Steel Plating |
| 11:13 | Spell Breaker |
| 11:16 | Mortar Team |
| 11:50 | Refined Gunpowder |
| 11:52 | Spell Breaker |
| 12:14 | Scroll of Regeneration |
| 12:16 | Scroll of Town Portal |
| 12:17 | Potion of Healing |
| 12:17 | Scroll of Regeneration |
| 12:41 | Lesser Clarity Potion |
| 12:43 | Potion of Mana |
| 12:43 | Potion of Mana |
| 12:44 | Staff of Sanctuary |
| 12:50 | Fragmentation Shards |
| 13:02 | Farm |
| 13:08 | Imbued Gunpowder |
| 13:40 | Mortar Team |
| 13:46 | Scroll of Town Portal |
| 13:54 | Lesser Clarity Potion |
| 14:05 | Scroll of Regeneration |
| 14:11 | Spell Breaker |
| 14:18 | Mortar Team |
| 14:24 | Lesser Clarity Potion |
| 14:54 | Spell Breaker |
| 14:56 | Mortar Team |
| 15:26 | Siphon Mana |
| 15:41 | Mortar Team |
| 16:19 | Brilliance Aura |
| 16:32 | Spell Breaker |
| 16:33 | Mortar Team |
| 16:41 | Potion of Mana |
| 16:46 | Potion of Healing |
| 16:47 | Scroll of Regeneration |
| 16:53 | Potion of Healing |
| 16:54 | Potion of Mana |
| 17:06 | Mortar Team |
| 17:08 | Spell Breaker |
| 17:22 | Spell Breaker |
| 17:28 | Tome of Retraining |
| 17:28 | Retrain Hero |
| 17:42 | Blizzard |
| 17:43 | Blizzard |
| 17:43 | Brilliance Aura |
| Select group | 605 |
| Right click | 390 |
| Select | 274 |
| Build/train/purchase | 189 |
| Misc. action | 54 |
| Assign group | 40 |
| Minimap ping | 23 |
| Use ability | 21 |
| Resource trade | 13 |
| Item give/drop | 8 |
| Esc | 8 |
| Chat | 4 |

| Wisp | 10 | 600 | / | 0 |
| Archer | 23 | 2990 | / | 230 |
| Hippogryph | 8 | 1280 | / | 160 |
| total: | 41 | 4870g | / | 390w |
| Altar of Elders | 1 | 180 | / | 50 |
| Moon Well | 6 | 1080 | / | 240 |
| Ancient of War | 1 | 150 | / | 60 |
| Hunter's Hall | 1 | 210 | / | 100 |
| Ancient of Wind | 2 | 300 | / | 280 |
| Tree of Ages | 1 | 320 | / | 180 |
| total: | 11 | 1920g | / | 730w |
| 0:09 | Altar of Elders |
| 0:13 | Moon Well |
| 0:15 | Wisp |
| 0:15 | Wisp |
| 0:18 | Wisp |
| 0:18 | Wisp |
| 0:21 | Wisp |
| 0:37 | Ancient of War |
| 0:49 | Wisp |
| 0:53 | Wisp |
| 0:59 | Wisp |
| 1:38 | Archer |
| 1:39 | Archer |
| 1:39 | Archer |
| 1:52 | Wisp |
| 1:52 | Wisp |
| 2:27 | Archer |
| 2:30 | Moon Well |
| 2:35 | Moon Well |
| 3:28 | Trueshot Aura |
| 3:38 | Moon Well |
| 3:45 | Tree of Ages |
| 3:49 | Archer |
| 4:56 | Searing Arrows |
| 5:20 | Hunter's Hall |
| 6:13 | Ancient of Wind |
| 6:19 | Ancient of Wind |
| 6:26 | Archer |
| 6:27 | Archer |
| 7:21 | Hippogryph |
| 7:22 | Hippogryph |
| 7:30 | Improved Bows |
| 8:02 | Archer |
| 8:02 | Archer |
| 8:04 | Strength of the Moon |
| 8:49 | Trueshot Aura |
| 9:11 | Hippogryph |
| 9:13 | Hippogryph |
| 10:13 | Moon Armor |
| 10:27 | Archer |
| 10:29 | Archer |
| 12:07 | Archer |
| 12:08 | Archer |
| 12:08 | Archer |
| 12:08 | Archer |
| 12:08 | Archer |
| 12:10 | Hippogryph |
| 12:11 | Hippogryph |
| 12:54 | Improved Strength of the Moon |
| 13:00 | Hippogryph |
| 13:02 | Archer |
| 13:02 | Archer |
| 15:27 | Moon Well |
| 15:30 | Moon Well |
| 16:00 | Hippogryph |
| 16:02 | Archer |
| 16:02 | Archer |
| 16:02 | Archer |
| 16:02 | Archer |
| 16:02 | Archer |
| Right click | 580 |
| Select | 197 |
| Build/train/purchase | 60 |
| Use ability | 4 |
| Esc | 3 |
| Remove unit | 2 |
| Item give/drop | 1 |
| Minimap ping | 1 |
133 units @ 16.6k
/ 2.6k
57 buildings @ 9.8k
/ 3.6k


| Rod of Necromancy | 2 | 300 |
| Scroll of Town Portal | 3 | 1050 |
| Scroll of Healing | 2 | 500 |
| Potion of Lesser Invulnerability | 1 | 150 |
| Staff of Teleportation | 1 | 150 |
| total: | 9 | 2150g |
| Acolyte | 9 | 675 | / | 0 |
| Ghoul | 4 | 480 | / | 0 |
| Crypt Fiend | 10 | 2150 | / | 400 |
| Necromancer | 8 | 1160 | / | 160 |
| Obsidian Statue | 3 | 600 | / | 105 |
| Meat Wagon | 4 | 920 | / | 200 |
| total: | 38 | 5985g | / | 865w |
| Nerubian Tower | 1 | 100 | / | 20 |
| Graveyard | 1 | 215 | / | 0 |
| Crypt | 1 | 200 | / | 50 |
| Ziggurat | 8 | 1200 | / | 400 |
| Altar of Darkness | 1 | 180 | / | 50 |
| Tomb of Relics | 1 | 130 | / | 30 |
| Necropolis | 3 | 675 | / | 0 |
| Temple of the Damned | 1 | 155 | / | 140 |
| Slaughterhouse | 1 | 140 | / | 135 |
| Halls of the Dead | 1 | 320 | / | 210 |
| Black Citadel | 1 | 325 | / | 230 |
| total: | 17 | 2895g | / | 805w |
| 0:01 | Acolyte |
| 0:05 | Graveyard |
| 0:06 | Crypt |
| 0:26 | Ziggurat |
| 0:28 | Ziggurat |
| 0:37 | Acolyte |
| 0:59 | Altar of Darkness |
| 1:12 | Ghoul |
| 1:34 | Crypt Fiend |
| 1:51 | Ziggurat |
| 1:52 | Ziggurat |
| 2:05 | Tomb of Relics |
| 2:19 | Ghoul |
| 2:35 | Black Arrow |
| 2:47 | Crypt Fiend |
| 3:11 | Rod of Necromancy |
| 3:26 | Halls of the Dead |
| 3:46 | Crypt Fiend |
| 4:03 | Ziggurat |
| 4:25 | Crypt Fiend |
| 4:47 | Silence |
| 5:05 | Nerubian Tower |
| 5:31 | Crypt Fiend |
| 5:39 | Ziggurat |
| 6:11 | Temple of the Damned |
| 6:50 | Slaughterhouse |
| 6:52 | Acolyte |
| 6:55 | Black Arrow |
| 7:02 | Death Coil |
| 7:04 | Rod of Necromancy |
| 7:26 | Necromancer |
| 7:49 | Skeletal Mastery |
| 8:01 | Potion of Lesser Invulnerability |
| 8:11 | Exhume Corpses |
| 8:15 | Acolyte |
| 8:31 | Acolyte |
| 8:45 | Obsidian Statue |
| 8:49 | Acolyte |
| 9:08 | Acolyte |
| 9:08 | Acolyte |
| 9:23 | Necromancer Adept Training |
| 9:39 | Web |
| 9:51 | Ghoul |
| 9:51 | Ghoul |
| 9:54 | Meat Wagon |
| 10:05 | Necropolis |
| 10:06 | Ziggurat |
| 10:24 | Ziggurat |
| 11:05 | Scroll of Town Portal |
| 11:07 | Meat Wagon |
| 11:33 | Burrow |
| 11:33 | Obsidian Statue |
| 11:34 | Necromancer |
| 11:34 | Necromancer |
| 11:42 | Silence |
| 12:00 | Necropolis |
| 12:05 | Unholy Aura |
| 12:15 | Scroll of Town Portal |
| 12:15 | Scroll of Healing |
| 12:40 | Black Citadel |
| 13:06 | Meat Wagon |
| 13:09 | Necromancer |
| 13:09 | Necromancer |
| 13:27 | Necromancer |
| 13:59 | Obsidian Statue |
| 14:02 | Unholy Strength |
| 14:02 | Unholy Armor |
| 14:19 | Scroll of Town Portal |
| 14:30 | Scroll of Healing |
| 15:13 | Crypt Fiend |
| 15:14 | Meat Wagon |
| 15:15 | Necromancer |
| 15:39 | Crypt Fiend |
| 15:54 | Crypt Fiend |
| 15:56 | Necromancer Master Training |
| 15:56 | Necromancer |
| 16:12 | Death Coil |
| 16:29 | Black Arrow |
| 16:34 | Crypt Fiend |
| 16:36 | Acolyte |
| 17:06 | Destroyer Form |
| 17:13 | Necropolis |
| 18:03 | Crypt Fiend |
| 18:28 | Staff of Teleportation |
| Select group | 1375 |
| Select | 744 |
| Right click | 551 |
| Misc. action | 262 |
| Build/train/purchase | 132 |
| Assign group | 57 |
| Chat | 52 |
| Use ability | 20 |
| Resource trade | 4 |
| Item give/drop | 1 |
| Remove unit | 1 |

| Moonstone | 4 | 200 |
| Potion of Healing | 1 | 150 |
| Scroll of Town Portal | 6 | 2100 |
| total: | 11 | 2450g |
| Wisp | 37 | 2220 | / | 0 |
| Archer | 1 | 130 | / | 10 |
| Glaive Thrower | 25 | 5250 | / | 1625 |
| total: | 63 | 7600g | / | 1635w |
| Ancient Protector | 4 | 540 | / | 320 |
| Altar of Elders | 1 | 180 | / | 50 |
| Moon Well | 5 | 900 | / | 200 |
| Ancient of War | 4 | 600 | / | 240 |
| Ancient of Wonders | 7 | 630 | / | 210 |
| Tree of Life | 2 | 680 | / | 370 |
| Hunter's Hall | 1 | 210 | / | 100 |
| Tree of Ages | 1 | 320 | / | 180 |
| Tree of Eternity | 1 | 330 | / | 200 |
| total: | 24 | 3740g | / | 1490w |
| 0:01 | Wisp |
| 0:05 | Altar of Elders |
| 0:06 | Wisp |
| 0:14 | Moon Well |
| 0:26 | Ancient of War |
| 0:30 | Wisp |
| 0:37 | Wisp |
| 0:48 | Wisp |
| 0:56 | Wisp |
| 1:10 | Wisp |
| 1:17 | Wisp |
| 1:26 | Archer |
| 1:28 | Wisp |
| 1:46 | Moon Well |
| 1:47 | Wisp |
| 2:05 | Mana Burn |
| 2:07 | Wisp |
| 2:11 | Ancient of Wonders |
| 2:18 | Wisp |
| 2:32 | Wisp |
| 2:51 | Tree of Life |
| 2:54 | Wisp |
| 3:07 | Hunter's Hall |
| 3:26 | Ancient of War |
| 3:26 | Wisp |
| 3:27 | Wisp |
| 3:44 | Moon Well |
| 4:16 | Glaive Thrower |
| 4:30 | Evasion |
| 4:31 | Tree of Ages |
| 4:57 | Tree of Life |
| 5:08 | Moon Well |
| 5:29 | Glaive Thrower |
| 5:45 | Glaive Thrower |
| 6:02 | Strength of the Moon |
| 6:05 | Ancient Protector |
| 6:06 | Ancient of Wonders |
| 6:32 | Glaive Thrower |
| 6:47 | Glaive Thrower |
| 6:55 | Wisp |
| 7:01 | Wisp |
| 7:01 | Wisp |
| 7:17 | Vorpal Blades |
| 7:25 | Mana Burn |
| 7:29 | Glaive Thrower |
| 7:50 | Glaive Thrower |
| 7:56 | Wisp |
| 7:57 | Improved Strength of the Moon |
| 8:00 | Wisp |
| 8:04 | Moonstone |
| 8:16 | Glaive Thrower |
| 8:24 | Wisp |
| 8:32 | Glaive Thrower |
| 8:40 | Scroll of Town Portal |
| 9:07 | Wisp |
| 9:07 | Wisp |
| 9:09 | Glaive Thrower |
| 10:02 | Glaive Thrower |
| 10:11 | Moonstone |
| 10:12 | Scroll of Town Portal |
| 10:24 | Ancient of Wonders |
| 10:31 | Ancient of Wonders |
| 11:02 | Evasion |
| 11:20 | Glaive Thrower |
| 11:34 | Moonstone |
| 11:35 | Scroll of Town Portal |
| 11:35 | Scroll of Town Portal |
| 11:37 | Potion of Healing |
| 12:14 | Mana Burn |
| 12:19 | Glaive Thrower |
| 12:20 | Ancient of War |
| 12:22 | Wisp |
| 12:22 | Wisp |
| 12:22 | Wisp |
| 12:22 | Wisp |
| 12:27 | Ancient Protector |
| 12:42 | Wisp |
| 12:43 | Ancient Protector |
| 12:45 | Wisp |
| 12:45 | Wisp |
| 12:45 | Wisp |
| 12:49 | Moon Well |
| 13:09 | Ancient of Wonders |
| 13:16 | Nature's Blessing |
| 13:25 | Glaive Thrower |
| 13:31 | Ancient Protector |
| 13:34 | Glaive Thrower |
| 13:44 | Ancient of Wonders |
| 13:48 | Wisp |
| 13:48 | Wisp |
| 13:49 | Wisp |
| 13:50 | Wisp |
| 13:50 | Wisp |
| 13:57 | Scroll of Town Portal |
| 13:57 | Moonstone |
| 14:21 | Tree of Eternity |
| 14:25 | Scroll of Town Portal |
| 15:02 | Glaive Thrower |
| 15:03 | Metamorphosis |
| 15:16 | Glaive Thrower |
| 15:16 | Ancient of War |
| 15:29 | Glaive Thrower |
| 15:50 | Glaive Thrower |
| 15:54 | Ancient of Wonders |
| 16:08 | Glaive Thrower |
| 16:16 | Glaive Thrower |
| 16:58 | Advanced Strength of the Moon |
| 17:09 | Glaive Thrower |
| 17:20 | Glaive Thrower |
| 17:46 | Glaive Thrower |
| 18:02 | Evasion |
| 18:10 | Glaive Thrower |
| Select group | 989 |
| Select | 916 |
| Right click | 876 |
| Misc. action | 428 |
| Build/train/purchase | 138 |
| Assign group | 114 |
| Chat | 60 |
| Use ability | 53 |
| Esc | 9 |
| Minimap ping | 5 |
| Item give/drop | 3 |


| Scroll of Town Portal | 2 | 700 |
| Scourge Bone Chimes | 1 | 400 |
| Potion of Invulnerability | 1 | 400 |
| total: | 4 | 1500g |
| Wisp | 17 | 1020 | / | 0 |
| Archer | 15 | 1950 | / | 150 |
| total: | 32 | 2970g | / | 150w |
| Altar of Elders | 1 | 180 | / | 50 |
| Moon Well | 7 | 1260 | / | 280 |
| Ancient of War | 2 | 300 | / | 120 |
| Ancient of Wonders | 1 | 90 | / | 30 |
| Hunter's Hall | 1 | 210 | / | 100 |
| Tree of Life | 3 | 1020 | / | 555 |
| Chimaera Roost | 1 | 140 | / | 190 |
| Tree of Ages | 1 | 320 | / | 180 |
| Tree of Eternity | 1 | 330 | / | 200 |
| total: | 16 | 3200g | / | 1325w |
| 0:01 | Wisp |
| 0:01 | Wisp |
| 0:05 | Altar of Elders |
| 0:16 | Moon Well |
| 0:17 | Wisp |
| 0:30 | Ancient of War |
| 0:35 | Wisp |
| 0:52 | Wisp |
| 0:59 | Wisp |
| 1:23 | Wisp |
| 1:23 | Wisp |
| 1:23 | Wisp |
| 1:31 | Moon Well |
| 1:35 | Archer |
| 1:56 | Moon Well |
| 2:09 | Wisp |
| 2:11 | Ancient of Wonders |
| 2:13 | Archer |
| 2:18 | Trueshot Aura |
| 2:37 | Wisp |
| 2:37 | Wisp |
| 2:52 | Archer |
| 2:54 | Ancient of War |
| 3:33 | Tree of Ages |
| 3:57 | Hunter's Hall |
| 3:59 | Archer |
| 4:34 | Archer |
| 4:37 | Moon Well |
| 5:05 | Ultravision |
| 6:00 | Scout |
| 6:07 | Improved Bows |
| 6:08 | Tree of Eternity |
| 6:09 | Archer |
| 6:50 | Strength of the Moon |
| 6:51 | Moon Armor |
| 6:51 | Archer |
| 7:04 | Trueshot Aura |
| 7:24 | Archer |
| 8:28 | Improved Strength of the Moon |
| 8:48 | Marksmanship |
| 8:49 | Archer |
| 9:17 | Improved Moon Armor |
| 9:18 | Well Spring |
| 9:53 | Scourge Bone Chimes |
| 9:57 | Potion of Invulnerability |
| 10:10 | Advanced Strength of the Moon |
| 10:11 | Archer |
| 10:23 | Scout |
| 11:15 | Archer |
| 11:19 | Tree of Life |
| 11:23 | Tree of Life |
| 11:24 | Trueshot Aura |
| 11:40 | Archer |
| 12:41 | Scroll of Town Portal |
| 13:13 | Frost Arrows |
| 13:21 | Chimaera Roost |
| 13:23 | Archer |
| 14:13 | Tree of Life |
| 14:26 | Advanced Moon Armor |
| 15:04 | Scroll of Town Portal |
| 15:42 | Archer |
| 16:30 | Starfall |
| 16:43 | Wisp |
| 16:43 | Wisp |
| 16:43 | Wisp |
| 16:43 | Wisp |
| 16:44 | Wisp |
| 16:49 | Forked Lightning |
| 17:20 | Archer |
| 17:22 | Moon Well |
| 17:22 | Moon Well |
| 17:25 | Moon Well |
| 17:26 | Strength of the Wild |
| 17:27 | Reinforced Hides |
| Right click | 854 |
| Select group | 381 |
| Select | 258 |
| Chat | 174 |
| Build/train/purchase | 101 |
| Misc. action | 81 |
| Assign group | 37 |
| Use ability | 6 |
| Resource trade | 5 |
| Remove unit | 4 |
| Minimap ping | 2 |
| Item give/drop | 1 |
| Esc | 1 |
⇛